 Dungeon Crawl Stone Soup version 0.30-a0-352-g1e81539c98 (webtiles) character file.

Game seed: 16371297693686360034

660 orgron the Skirmisher (level 7, 0/56 HPs)
             Began as a Gnoll Hunter on Nov 7, 2022.
             Slain by a gnoll
             ... wielding a +2 whip of electrocution
             ... led by a gnoll bouda
              (9 damage)
             ... on level 5 of the Dungeon.
             The game lasted 00:05:30 (3548 turns).

orgron the Skirmisher (Gnoll Hunter)                Turns: 3548, Time: 00:05:31

Health: 0/56       AC:  3    Str: 11    XL:     7   Next: 56%
Magic:  11/11      EV: 14    Int:  8    God:
Gold:   328        SH:  0    Dex: 17    Spells: 11/11 levels left

rFire   . . .      SeeInvis .    a - +0 shortbow
rCold   . . .      Faith    .    (shield currently unavailable)
rNeg    . . .      Spirit   .    c - +0 leather armour
rPois   .          Reflect  .    (no helmet)
rElec   .          Harm     .    (no cloak)
rCorr   .          Rampage  .    (no gloves)
Will    .....                    (no boots)
Stlth   ++........               (no amulet)
HPRegen 0.29/turn                (no ring)
MPRegen 0.12/turn                (no ring)

@: no status effects
A: fangs 1, strong nose, distributed training
a: no special abilities


You were on level 5 of the Dungeon.
You visited 1 branch of the dungeon, and saw 5 of its levels.

You collected 328 gold pieces.

Inventory:

Hand Weapons
 a - a +0 shortbow (weapon)
 p - a +0 hammer
 q - the +12 hammer of Honesty {venom, rC+}
   (You found it on level 2 of the Dungeon)

   It poisons the flesh of those it strikes.
   rC:        It protects you from cold.
 r - a +4 quarterstaff of chaos
Missiles
 v - a throwing net
Armour
 c - a +0 leather armour (worn)
 s - a +2 cloak
Jewellery
 l - a +4 ring of evasion
 y - a ring of ice
 E - a ring of see invisible
 F - a ring of fire
Wands
 m - a wand of mindburst (13)
 x - a wand of charming (9)
 G - a wand of digging (4)
Scrolls
 b - a scroll of immolation
 d - a scroll of enchant armour {unknown}
 e - a scroll of blinking {unknown}
 f - a scroll of enchant weapon {unknown}
 g - 7 scrolls of identify {unknown}
 i - 2 scrolls of magic mapping {unknown}
 k - 2 scrolls of fear {unknown}
 o - a scroll of amnesia {unknown}
 B - a scroll of torment {unknown}
Potions
 h - 3 potions of curing {unknown}
 j - 3 potions of degeneration {unknown}
 n - a potion of mutation {unknown}
 t - a potion of haste {unknown}
 u - a potion of brilliance {unknown}
 w - 2 potions of lignification {unknown}
 z - a potion of flight {unknown}
 A - a potion of might {unknown}
 C - 2 potions of attraction {unknown}
 D - 2 potions of heal wounds {unknown}


   Skills:
 + Level 5.3 Fighting
 + Level 2.6 Short Blades
 + Level 2.6 Long Blades
 + Level 2.6 Axes
 + Level 2.6 Maces & Flails
 + Level 2.6 Polearms
 + Level 2.6 Staves
 + Level 9.0 Ranged Weapons
 + Level 2.6 Throwing
 + Level 2.6 Armour
 + Level 5.3 Dodging
 + Level 3.6 Stealth
 + Level 2.6 Shields
 + Level 2.6 Unarmed Combat
 + Level 2.6 Spellcasting
 + Level 2.1 Conjurations
 + Level 2.1 Hexes
 + Level 2.1 Summonings
 + Level 2.1 Necromancy
 + Level 2.1 Translocations
 + Level 2.1 Transmutations
 + Level 2.1 Fire Magic
 + Level 2.1 Ice Magic
 + Level 2.1 Air Magic
 + Level 2.1 Earth Magic
 + Level 2.1 Poison Magic
 + Level 3.0 Invocations
 + Level 2.6 Evocations


You had 11 spell levels left.
You didn't know any spells.
Your spell library contained the following spells:

 Spells                   Type           Power      Damage    Failure   Level
 Summon Small Mammal      Summ           16%        N/A       19%         1
 Call Canine Familiar     Summ           4%         N/A       47%         3
 Summon Guardian Golem    Hex/Summ       4%         N/A       47%         3


Dungeon Overview and Level Annotations

Branches:
Dungeon (5/15)
 Temple: D:4-7

Altars:
Dithmenos
Qazlal
Ru


Innate Abilities, Weirdness & Mutations

You have very sharp teeth.
Your uncanny sense of smell can sniff out nearby items.
Your experience applies equally to all skills.


Message History

The gnoll is lightly wounded.
The gnoll hits you from afar with a +0 spear.
You shoot an arrow. The arrow hits the gnoll bouda!
The gnoll bouda is severely wounded.
The gnoll bouda calls upon its god to heal the gnoll.
The gnoll's wounds heal themselves!
The gnoll misses you.
You shoot an arrow.
The arrow hits the gnoll bouda but does no damage.
The gnoll bouda is severely wounded.
The gnoll bouda hits you with a +0 club.
The gnoll closely misses you.
You shoot an arrow.
The arrow closely misses the gnoll bouda.
The arrow hits the gnoll but does no damage.
The gnoll bouda hits you with a +0 club.
The gnoll hits you from afar with a +0 spear.
You shoot an arrow. The arrow hits the gnoll bouda!
You kill the gnoll bouda!
The gnoll barely misses you.
The gnoll hits you with a +2 whip of electrocution.
You are electrocuted!
* * * LOW HITPOINT WARNING * * *
Your Invocations skill increases to level 3!
You are too injured to fight recklessly!
You are too injured to fight recklessly!
You are too injured to fight recklessly!
The gnoll completely misses you. The gnoll attacks as you move away!
The gnoll barely misses you.
The gnoll is no longer moving quickly.
The gnoll misses you.
The gnoll is no longer moving quickly. x2; The gnoll barely misses you.
The gnoll closely misses you. The gnoll attacks as you move away!
The gnoll barely misses you. The gnoll attacks as you move away!
The gnoll hits you but does no damage. The gnoll attacks as you move away!
The gnoll closely misses you. The gnoll attacks as you move away!
The gnoll hits you with a +2 whip of electrocution!
* * * LOW HITPOINT WARNING * * *
The gnoll attacks as you move away!
The gnoll hits you with a +2 whip of electrocution!
You die...

......#.# #######†###...##.#.#
......#.# ####.#...#.###...##.#.#
......#.# #.................#.#.#
......#.###....#...#.######.#.#.#
...)..#........#...#.# #......#
#####.#####....#...#.# #..#....
#.#####....#...#.## #..#####
#.................# #.......
#.......###.@.....####....... ##
#.......# #.g................ .#
#.......###.......####....... .#
#.........#g................. .#
######....#.#######..........
.#######......#g#...# #..........
...........####.#.#.# ####.......
.#######...# #.#.#.# #.......
....####...# #.#.#.# #.......


You could see 3 gnolls.

Vanquished Creatures
  Menkaure (D:4)
  A black bear (D:5)
  A scorpion (D:5)
  A gnoll bouda (D:5)
  Crazy Yiuf (D:2)
  Jessica (D:2)
  3 iguanas
  8 adders
  4 gnolls
  2 worms (D:4)
  4 dart slugs
  6 orcs
  8 bats
  8 endoplasms
  6 giant cockroaches
  8 goblins
  12 hobgoblins
  7 jackals
  6 quokkas
  6 ball pythons
  7 frilled lizards
  7 kobolds
  3 rats
111 creatures vanquished.

Notes
Turn   | Place    | Note
-------+----------+-------------------------------------------
     0 | D:1      | orgron the Gnoll Hunter began the quest for the Orb.
     0 | D:1      | Reached XP level 1. HP: 20/20 MP: 1/1
    41 | D:1      | Reached XP level 2. HP: 26/26 MP: 2/2
   199 | D:1      | Reached XP level 3. HP: 31/31 MP: 3/3
   300 | D:1      | Reached skill level 1 in Invocations
   784 | D:2      | Reached skill level 1 in Short Blades
   784 | D:2      | Reached skill level 1 in Long Blades
   784 | D:2      | Reached skill level 1 in Axes
   784 | D:2      | Reached skill level 1 in Maces & Flails
   784 | D:2      | Reached skill level 1 in Polearms
   784 | D:2      | Reached skill level 1 in Staves
   784 | D:2      | Reached skill level 1 in Throwing
   784 | D:2      | Reached skill level 1 in Armour
   784 | D:2      | Reached skill level 1 in Shields
   784 | D:2      | Reached skill level 1 in Unarmed Combat
   784 | D:2      | Reached skill level 1 in Spellcasting
   784 | D:2      | Reached skill level 1 in Evocations
   794 | D:2      | Reached XP level 4. HP: 16/38 MP: 5/5
  1116 | D:2      | Noticed Jessica
  1118 | D:2      | Killed Jessica
  1119 | D:2      | Reached skill level 1 in Conjurations
  1119 | D:2      | Reached skill level 1 in Hexes
  1119 | D:2      | Reached skill level 1 in Summonings
  1119 | D:2      | Reached skill level 1 in Necromancy
  1119 | D:2      | Reached skill level 1 in Translocations
  1119 | D:2      | Reached skill level 1 in Transmutations
  1119 | D:2      | Reached skill level 1 in Fire Magic
  1119 | D:2      | Reached skill level 1 in Ice Magic
  1119 | D:2      | Reached skill level 1 in Air Magic
  1119 | D:2      | Reached skill level 1 in Earth Magic
  1119 | D:2      | Reached skill level 1 in Poison Magic
  1149 | D:2      | Found a runed translucent door.
  1150 | D:2      | Noticed Crazy Yiuf
  1161 | D:2      | Killed Crazy Yiuf
  1162 | D:2      | Reached XP level 5. HP: 42/43 MP: 5/7
  1168 | D:2      | Identified the +12 hammer of Honesty {venom, rC+}
  2277 | D:3      | Reached XP level 6. HP: 50/50 MP: 8/8
  2373 | D:4      | Found a sacrificial altar of Ru.
  2393 | D:4      | Found a stormy altar of Qazlal.
  2458 | D:4      | Reached skill level 5 in Fighting
  2458 | D:4      | Reached skill level 5 in Dodging
  2745 | D:4      | Noticed Menkaure
  2750 | D:4      | Killed Menkaure
  2903 | D:4      | Found a shadowy altar of Dithmenos.
  3120 | D:5      | Entered Level 5 of the Dungeon
  3159 | D:5      | Noticed a black bear
  3167 | D:5      | Killed a black bear
  3168 | D:5      | Reached XP level 7. HP: 54/56 MP: 10/10
  3411 | D:5      | Reached skill level 9 in Ranged Weapons
  3548 | D:5      | Slain by a gnoll

Illustrated notes

Levels and vault maps discovered:
D:1:      saegor_arrival_simple_b, layout_loops_ring,
          hangedman_decor_peaks_small
D:2:      layout_basic, serial_park_tiny_1, minmay_tetromino_s2,
          uniq_crazy_yiuf_cottage, uniq_jessica
D:3:      minmay_chambers_of_twos, layout_rooms
D:4:      layout_layer_cave, nicolae_ru_awakened_eye, grunt_qazlal_clouds,
          grunt_dithmenos_smoke_and_mirrors, uniq_menkaure
D:5:      layout_basic

Skill      XL: |  1  2  3  4  5  6  7 |
---------------+----------------------+-----
Invocations    | 1 2 3 |  3.0
Short Blades   | 1 2 |  2.6
Long Blades    | 1 2 |  2.6
Axes           | 1 2 |  2.6
Maces & Flails | 1 2 |  2.6
Polearms       | 1 2 |  2.6
Staves         | 1 2 |  2.6
Throwing       | 1 2 |  2.6
Armour         | 1 2 |  2.6
Shields        | 1 2 |  2.6
Unarmed Combat | 1 2 |  2.6
Spellcasting   | 1 2 |  2.6
Evocations     | 1 2 |  2.6
Conjurations   | 1 2 |  2.1
Hexes          | 1 2 |  2.1
Summonings     | 1 2 |  2.1
Necromancy     | 1 2 |  2.1
Translocations | 1 2 |  2.1
Transmutations | 1 2 |  2.1
Fire Magic     | 1 2 |  2.1
Ice Magic      | 1 2 |  2.1
Air Magic      | 1 2 |  2.1
Earth Magic    | 1 2 |  2.1
Poison Magic   | 1 2 |  2.1
Stealth        | 3 |  3.6
Fighting       | 5 |  5.3
Dodging        | 5 |  5.3
Ranged Weapons | 9 |  9.0

Action                   |  1- 3 |  4- 6 |  7- 9 || total
-------------------------+-------+-------+-------++-------
Melee: Mace              |       |     4 |       ||     4
 Fire: Shortbow          |    88 |   177 |    51 ||   316
Armor: Leather armour    |     8 |    10 |     2 ||    20
Dodge: Dodged            |    11 |    50 |    22 ||    83

Table legend: (Time is in decaauts)
 A = Elapsed time spent in this place.
 B = Non-inter-level travel time spent in this place.
 C = Inter-level travel time spent in this place.
 D = Time resting spent in this place.
 E = Time spent auto-exploring this place.
 F = Levels seen in this place.
 G = Mean time per level.
                   A        B        C        D        E       F      G
               +--------+--------+--------+--------+--------+-----+--------+
         Total |   3589 |   3530 |     59 |      0 |   2960 |   5 |  717.8 |
       Dungeon |   3589 |   3530 |     59 |      0 |   2960 |   5 |  717.8 |
               +--------+--------+--------+--------+--------+-----+--------+

Top non-repeatable levels by time:
     D:2: 1080 daAuts
     D:4: 799 daAuts
     D:3: 710 daAuts
     D:1: 565 daAuts
     D:5: 433 daAuts
